 Dungeon Crawl Stone Soup version 0.30-a0-778-g2ef04afb54 (webtiles) character file.

Game seed: 6664508781292628322

6 Oxelix the Chopper (level 1, 0/20 HPs)
             Began as a Hill Orc Monk on Feb 16, 2023.
             Slain by a jackal (1 damage)
             ... on level 1 of the Dungeon.
             The game lasted 00:00:15 (157 turns).

Oxelix the Chopper (Hill Orc Monk)                   Turns: 157, Time: 00:00:15

Health: 0/20       AC:  2    Str: 13    XL:     1   Next: 90%
Magic:  1/1        EV: 12    Int: 10    God:
Gold:   22         SH:  0    Dex: 13    Spells: 0/0 levels left

rFire   . . .      SeeInvis .    a - +0 hand axe
rCold   . . .      Faith    .    (no shield)
rNeg    . . .      Spirit   .    b - +0 robe
rPois   .          Reflect  .    (no helmet)
rElec   .          Harm     .    (no cloak)
rCorr   .          Rampage  .    (no gloves)
Will    .....                    (no boots)
Stlth   ++                       (no amulet)
HPRegen 0.23/turn                (no ring)
MPRegen 0.07/turn                (no ring)

@: no status effects
A: no striking features
a: no special abilities


You were on level 1 of the Dungeon.
You visited 1 branch of the dungeon, and saw 1 of its levels.

You collected 22 gold pieces.

Inventory:

Hand Weapons
 a - a +0 hand axe (weapon)
Armour
 b - a +0 robe (worn)
Scrolls
 d - a scroll of identify {unknown}
Potions
 c - a potion of ambrosia
 e - a potion of curing {unknown}


   Skills:
 + Level 3.8 Fighting
 * Level 4.4 Axes
 - Level 2.4 Dodging
 - Level 1.5 Stealth


You couldn't memorise any spells.
You didn't know any spells.
Your spell library was empty.

Dungeon Overview and Level Annotations

Branches:
Dungeon (1/15)

Altars:


Message History

You kill the jackal!
You closely miss the jackal. The jackal barely misses you.
The jackal bites you.
You hit the jackal.
The jackal is lightly wounded.
You barely miss the jackal. The jackal closely misses you.
The jackal bites you. The jackal completely misses you.
You hit the jackal but do no damage. You closely miss the jackal.
The jackal bites you. The jackal barely misses you.
The jackal bites you but does no damage.
You closely miss the jackal. You hit the jackal but do no damage.
The jackal barely misses you.
The jackal bites you but does no damage.
The jackal bites you.
You hit the jackal.
The jackal is severely wounded.
You barely miss the jackal. The jackal closely misses you. x2
The jackal bites you.
You barely miss the jackal. You punch the jackal.
The jackal is almost dead.
You hit the jackal. The jackal closely misses you. x2
The jackal barely misses you.
You barely miss the jackal.
The jackal is almost dead.
You hit the jackal.
You kill the jackal!
The jackal bites you but does no damage.
You hit the jackal but do no damage. You closely miss the jackal.
The jackal bites you but does no damage.
The jackal bites you.
* * * LOW HITPOINT WARNING * * *
The jackal bites you but does no damage.
You barely miss the jackal.
The jackal is almost dead.
You hit the jackal. The jackal bites you.
* * * LOW HITPOINT WARNING * * *
The jackal misses you. The jackal bites you.
* * * LOW HITPOINT WARNING * * *
The jackal bites you.
You die...

####.##....###.........
.............+.........
####....##.#.........
#.#..##.##..§§...#
#.##.##~~~≈§§≈~~~#
#.##...~8~~≈§§~8~#
#.##.#.~~8~~~~8~~#
#.##...§§~####~~§#
#@.....§≈~'..#~≈§#
#hh.....≈§§'.<#~≈≈#
#.###...§~~####~~≈# #.
...~§8~~~~8~~. #.
#.##~8~~≈≈~~8~# #. #
..~~~≈≈≈≈~~~# #.
####.####.#### #. .. .#
### .#


You could see 2 jackals.

Vanquished Creatures
  An endoplasm (D:1)
  A hobgoblin (D:1)
  2 jackals (D:1)
  A frilled lizard (D:1)
5 creatures vanquished.

Notes
Turn   | Place    | Note
-------+----------+-------------------------------------------
     0 | D:1      | Oxelix the Hill Orc Monk began the quest for the Orb.
     0 | D:1      | Reached XP level 1. HP: 19/19 MP: 1/1
   157 | D:1      | HP: 1/20 [jackal (3)]
   157 | D:1      | Slain by a jackal

Illustrated notes

Levels and vault maps discovered:
D:1:      lightli_arrival_boilingwater, layout_loops_corners

Action                     || total
---------------------------++-------
  Melee: Hand axe          ||    18
         Punch             ||     1
   Stab: Distracted        ||     1
 Armour: Robe              ||     5
  Dodge: Dodged            ||    20

Table legend: (Time is in decaauts)
 A = Elapsed time spent in this place.
 B = Non-inter-level travel time spent in this place.
 C = Inter-level travel time spent in this place.
 D = Time resting spent in this place.
 E = Time spent auto-exploring this place.
 F = Levels seen in this place.
 G = Mean time per level.
                   A        B        C        D        E       F      G
               +--------+--------+--------+--------+--------+-----+--------+
         Total |    162 |    162 |      0 |      0 |    127 |   1 |  162.0 |
       Dungeon |    162 |    162 |      0 |      0 |    127 |   1 |  162.0 |
               +--------+--------+--------+--------+--------+-----+--------+

Top non-repeatable levels by time:
     D:1: 162 daAuts
